AoeStats
← Trailblazeur

Black Forest

505235294Analyzed
2v2 RM · 24d ago on Sep 8, 2026· 45m 43s· 4 players
Game mode
Random Map
Map size
Medium (4 player)
Population
200
Speed
Normal
Resources
Standard
Victory
Conquest
Starting age
Dark Age
Ending age
Imperial Age
RankedLock teamsTeams togetherTeam positionsShared explorationLock speedFull tech treeHidden civsTurbo modeCheats
Victory
Defeat
🇩🇪 Aztecs · Germany
973
+13
🇩🇪 Franks · Germany
908
+48
🇫🇷 Mongols · France
921
-15
🇺🇸 Magyars · United States
907
-15
mlouissylvestre
0:43 Loom
11:06 Feudal Age
11:42 Double-Bit Axe
11:52 Gold Mining
11:56 Stone Mining
18:10 Castle Age
20:20 Gold Mining
21:50 Bow Saw
26:23 Wheelbarrow
25:46 Horse Collar
30:50 Imperial Age
31:24 Hand Cart
30:56 Onager
32:52 Forging
32:43 Scale Mail Armor
32:56 Pikeman
34:46 Chemistry
34:19 Conscription
35:34 Ballistics
36:04 Iron Casting
35:44 Chain Mail Armor
39:46 Blast Furnace
39:17 Plate Mail Armor
38:38 Fletching
38:49 Padded Archer Armor
39:47 Drill
39:36 Siege Engineers
Virtuoso
1:32 Loom
11:11 Feudal Age
11:49 Double-Bit Axe
12:37 Horse Collar
19:21 Castle Age
20:21 Bow Saw
20:22 Gold Mining
20:42 Heavy Plow
24:49 Wheelbarrow
27:03 Hand Cart
27:37 Stone Mining
29:38 Gold Shaft Mining
30:24 Thumb Ring
29:42 Crossbowman
30:44 Ballistics
31:03 Fletching
31:14 Padded Archer Armor
31:49 Light Cavalry
32:39 Bloodlines
32:30 Husbandry
33:48 Bodkin Arrow
36:29 Imperial Age
36:48 Murder Holes
37:04 Town Watch
37:11 Arbalester
40:26 Conscription
39:26 Elite Magyar Huszar
40:28 Corvinian Army
42:15 Two-Man Saw
43:39 Crop Rotation
43:06 Bodkin Arrow
43:27 Leather Archer Armor
42:43 Man-at-Arms
42:46 Pikeman
Trailblazeur
4:31 Loom
12:02 Feudal Age
12:44 Double-Bit Axe
17:09 Castle Age
17:43 Wheelbarrow
17:12 Gold Mining
17:14 Town Watch
19:09 Bow Saw
19:43 Stone Mining
21:49 Hand Cart
23:01 Scale Barding Armor
29:43 Imperial Age
30:20 Cavalier
31:16 Scale Barding Armor
31:38 Husbandry
34:30 Chain Barding Armor
34:22 Forging
35:01 Gold Shaft Mining
35:46 Ballistics
36:28 Chemistry
36:38 Masonry
36:28 Paladin
39:35 Caravan
40:08 Coinage
40:58 Plate Barding Armor
40:59 Iron Casting
46:59 Blast Furnace
Jary Mane
10:04 Loom
11:49 Feudal Age
17:09 Castle Age
15:17 Horse Collar
15:25 Double-Bit Axe
18:47 Gambesons
19:28 Scale Mail Armor
21:49 Stone Mining
23:14 Chain Mail Armor
23:10 Forging
23:07 Squires
22:53 Arson
22:36 Eagle Warrior
25:25 Bow Saw
30:55 Iron Casting
30:15 Gold Mining
32:51 Caravan
36:42 Imperial Age
36:59 Elite Skirmisher
38:43 Blast Furnace
38:14 Plate Mail Armor
37:44 Padded Archer Armor
37:34 Fletching
37:43 Elite Eagle Warrior
37:59 Capped Ram
40:46 Fletching
41:41 Garland Wars
41:42 Conscription
42:04 Onager
Connection lost

Rejoining the realm…

Still unreachable

The connection could not be restored.

Session expired

The server has moved on; the page needs a fresh start.